 Dungeon Crawl Stone Soup version 0.31.0-11-ge490571c62 (webtiles) character file.

Game seed: 6608521309925715386

348 qw the Ducker (level 6, -5/30 HPs)
             Began as a Spriggan Hunter on Feb 3, 2024.
             Incinerated by a bombardier beetle (6 damage)
             ... with a burning spray
             ... on level 4 of the Dungeon.
             The game lasted 00:00:12 (2612 turns).

qw the Ducker (Spriggan Hunter)                     Turns: 2612, Time: 00:00:12

Health: -5/30      AC:  2    Str:  7    XL:     6   Next: 33%
Magic:  7/7        EV: 21    Int: 11    God:
Gold:   101        SH:  0    Dex: 20    Spells: 5/5 levels left

rFire   . . .        a - +0 shortbow
rCold   . . .        (shield currently unavailable)
rNeg    . . .        c - +0 robe
rPois   .            (helmet restricted)
rElec   .            (no cloak)
rCorr   .            (gloves unavailable)
SInv    +            (boots unavailable)
Will    +....        (no amulet)
Stlth   +            (no ring)
HPRegen 0.25/turn    (no ring)
MPRegen 0.10/turn

%: no passive effects
@: on fire, glowing, very quick
A: very small, no large weapons, unfitting armour, see invisible, speed 3
a: no special abilities


You were on level 4 of the Dungeon.
You visited 1 branch of the dungeon, and saw 4 of its levels.

You collected 101 gold pieces.


Innate Abilities, Weirdness & Mutations

You are very small and have problems with some larger weapons.
You are too small for most types of armour.
You have supernaturally acute eyesight. (SInv)
You cover ground extremely quickly. (Speed+++)


   Skills:
 - Level 2.1 Fighting
 + Level 6.0 Ranged Weapons
 - Level 6.2 Dodging
 - Level 1.5 Stealth


You had 5 spell levels left.
You didn't know any spells.
Your spell library was empty.

Inventory:

Hand Weapons
 a - a +0 shortbow (weapon)
Armour
 c - a +0 robe (worn)
Wands
 j - a wand of polymorph (7)
Potions
 e - a potion of might
 h - a potion of curing

Dungeon Overview and Level Annotations

Branches:
Dungeon (4/15)
 Temple: D:4-7

Altars:


Message History

The bombardier beetle sprays incendiary fluid at you.
The burning spray misses you.
You shoot an arrow.
The arrow barely misses the bombardier beetle.
The arrow hits the iguana.
The iguana is lightly wounded.
You shoot an arrow.
The arrow hits the bombardier beetle but does no damage.
The bombardier beetle is heavily wounded.
You shoot an arrow.
The arrow barely misses the bombardier beetle.
The arrow hits the iguana.
The iguana is moderately wounded.
You shoot an arrow.
The arrow hits the bombardier beetle but does no damage.
The bombardier beetle is heavily wounded.
You shoot an arrow.
The arrow hits the bombardier beetle but does no damage.
The bombardier beetle is heavily wounded.
You shoot an arrow. The arrow hits the bombardier beetle.
The bombardier beetle is severely wounded.
The bombardier beetle sprays incendiary fluid at you.
The burning spray hits you.
You are covered in liquid fire!
You shoot an arrow. The arrow hits the bombardier beetle.
You kill the bombardier beetle!
The liquid fire burns you! The iguana bites you!
Your Dodging skill increases to level 6!
You shoot an arrow. The arrow hits the iguana.
The iguana is heavily wounded.
The liquid fire burns you! The iguana bites you!
You shoot an arrow. The arrow closely misses the iguana.
The liquid fire burns you! The iguana bites you.
You shoot an arrow. The arrow hits the iguana!
You kill the iguana!
The liquid fire burns you!
You die...

........## ....
...>....## ...
........## ...
.....)..## #.#
...)....## # #.#
..........
#.#.###.#########.......
......%...............##
.......@.............<..
.!..###.####........#...
. ...# #........####
########........ #
#............... #
#.#.#......####### #
#.....#.##.# #
#........#.###########
#.....................


There were no monsters in sight!

Vanquished Creatures
  A water moccasin (D:3)
  A bombardier beetle (D:4)
  A sleepcap (D:4)
  Terence (D:1)
  An iguana (D:4)
  3 gnolls
  5 adders
  A ribbon worm (D:2)
  3 dart slugs
  An orc (D:3)
  6 endoplasms
  3 giant cockroaches
  7 goblins
  6 hobgoblins
  11 kobolds
  3 quokkas
  7 ball pythons
  5 bats
  4 frilled lizards
  6 rats
76 creatures vanquished.

Notes
Turn   | Place    | Note
-------+----------+-------------------------------------------
     0 | D:1      | qw the Spriggan Hunter began the quest for the Orb.
     0 | D:1      | Reached XP level 1. HP: 10/10 MP: 2/2
     0 | D:1      | 0 ||| qw: Version: 0.3-a-157-g843a77d
     0 | D:1      | 0 ||| qw: Game counter: 3954
     0 | D:1      | 0 ||| qw: Melee chars always use a shield: true
     0 | D:1      | 0 ||| qw: God list: Okawaru
     0 | D:1      | 0 ||| qw: Allow faded altars: false
     0 | D:1      | 0 ||| qw: Do Orc after clearing Dungeon:15 true
     0 | D:1      | 0 ||| qw: Do second Lair branch before Depths: true
     0 | D:1      | 0 ||| qw: Lair rune preference: random
     0 | D:1      | 0 ||| qw: Goals: Normal
     0 | D:1      | 0 ||| PLANNING D:1-11
    31 | D:1      | Reached skill level 3 in Dodging
   103 | D:1      | Reached XP level 2. HP: 14/14 MP: 3/3
   221 | D:1      | 221 ||| READING scroll labelled UPTIEMILUTT.
   661 | D:1      | 661 ||| READING 4 scrolls labelled ONIRUO BOIDDUPEL.
   661 | D:1      | 661 ||| IDENTIFYING bubbling cyan potion
   662 | D:1      | 662 ||| READING 3 scrolls of identify.
   662 | D:1      | 662 ||| IDENTIFYING 3 fizzy yellow potions
   663 | D:1      | 663 ||| DROPPING scroll of butterflies.
   664 | D:1      | 664 ||| DROPPING 3 potions of ambrosia.
   707 | D:2      | 707 ||| STAIRDANCE
   711 | D:1      | Reached XP level 3. HP: 18/18 MP: 4/4
   725 | D:2      | 725 ||| STAIRDANCE
   780 | D:2      | 780 ||| STAIRDANCE
  1220 | D:2      | Reached XP level 4. HP: 20/22 MP: 5/5
  1521 | D:2      | 1521 ||| READING 2 scrolls of identify.
  1521 | D:2      | 1521 ||| IDENTIFYING silvery potion
  1522 | D:2      | 1522 ||| READING scroll of identify.
  1522 | D:2      | 1522 ||| IDENTIFYING pink potion
  1523 | D:2      | 1523 ||| READING 2 scrolls labelled PABREV ZUDEA.
  1524 | D:2      | 1524 ||| READING 2 scrolls labelled OPACUE HE NEAR.
  1625 | D:2      | 1625 ||| READING scroll labelled ASAMAJ UNUDGH.
  1628 | D:2      | 1628 ||| DROPPING scroll of amnesia.
  1629 | D:2      | 1629 ||| DROPPING scroll of vulnerability.
  1630 | D:2      | 1630 ||| DROPPING potion of brilliance.
  1832 | D:3      | 1832 ||| FLEEEEING.
  1833 | D:3      | 1833 ||| FLEEEEING.
  1854 | D:3      | Noticed Terence
  1859 | D:3      | 1859 ||| FLEEEEING.
  1860 | D:3      | 1860 ||| FLEEEEING.
  1861 | D:3      | 1861 ||| FLEEEEING.
  1862 | D:3      | 1862 ||| STAIRDANCE
  1864 | D:2      | 1864 ||| FLEEEEING.
  1865 | D:2      | 1865 ||| FLEEEEING.
  1866 | D:2      | 1866 ||| FLEEEEING.
  1867 | D:2      | 1867 ||| FLEEEEING.
  1868 | D:2      | 1868 ||| FLEEEEING.
  1869 | D:2      | 1869 ||| FLEEEEING.
  1870 | D:2      | 1870 ||| FLEEEEING.
  1871 | D:2      | 1871 ||| STAIRDANCE
  1887 | D:1      | Killed Terence
  1925 | D:1      | 1925 ||| READING scroll of identify.
  1925 | D:1      | 1925 ||| IDENTIFYING metallic purple potion
  1926 | D:1      | 1926 ||| READING scroll labelled XAQYX UTULU.
  1927 | D:1      | 1927 ||| READING scroll labelled ADWY JABURGHIE.
  1970 | D:1      | 1970 ||| DROPPING potion of berserk rage.
  2107 | D:3      | Noticed a water moccasin
  2108 | D:3      | 2108 ||| DRINKING potion of haste.
  2119 | D:3      | Killed a water moccasin
  2120 | D:3      | Reached skill level 6 in Ranged Weapons
  2120 | D:3      | Reached XP level 5. HP: 17/26 MP: 6/6
  2426 | D:3      | 2426 ||| READING scroll of identify.
  2426 | D:3      | 2426 ||| IDENTIFYING murky orange potion
  2427 | D:3      | 2427 ||| DRINKING 2 red potions.
  2428 | D:3      | 2428 ||| DROPPING potion of degeneration.
  2475 | D:4      | Reached XP level 6. HP: 30/30 MP: 7/7
  2477 | D:4      | 2477 ||| STAIRDANCE
  2503 | D:4      | 2503 ||| STAIRDANCE
  2610 | D:4      | Reached skill level 6 in Dodging
  2611 | D:4      | HP: 5/30 [burnt (5)]
  2611 | D:4      | HP: 1/30 [iguana (4)]
  2612 | D:4      | Incinerated by a bombardier beetle

Levels and vault maps discovered:
D:1:      roderic_crossed_star, layout_loops_ring, minmay_octomino_e4
D:2:      layout_loops_ring, grunt_decor_clamped, minmay_misc_feat_tiny
D:3:      layout_basic, grunt_ministairs_3, kennysheep_pointless_box,
          minmay_misc_feat_room, kennysheep_potato, uniq_terence
D:4:      layout_basic, palyth_temple_overflow_mages, uniq_duvessa

Skill      XL: |  1  2  3  4  5  6 |
---------------+-------------------+-----
Dodging        | 3 4 5 6 |  6.2
Ranged Weapons | 5 6 |  6.0
Fighting       | 2 |  2.1
Stealth        | |  1.5

Action                     |  1- 3 |  4- 6 || total
---------------------------+-------+-------++-------
  Melee: Unarmed           |       |    12 ||    12
   Fire: Shortbow          |   120 |   121 ||   241
    Use: Scroll            |     3 |     9 ||    12
         Potion            |       |     2 ||     2
 Armour: Robe              |    19 |     9 ||    28
         Skin              |       |     3 ||     3
  Dodge: Dodged            |    38 |    49 ||    87

Table legend:
 A = Non-vault XP
 B = Vault XP
 C = Vault XP percentage of total XP
 D = Non-vault monster count
 E = Vault monster count
 F = Vault count percentage of total count
                 A         B        C        D         E       F
            +---------+---------+-------+---------+---------+-------
      Total |     329 |     206 |  38.5 |      68 |       8 |  10.5
            +---------+---------+-------+---------+---------+-------
        D:1 |      49 |      45 |  47.9 |      23 |       6 |  20.7
        D:2 |      70 |       0 |   0.0 |      19 |       0 |   0.0
        D:3 |      72 |     161 |  69.1 |      19 |       2 |   9.5
        D:4 |     138 |       0 |   0.0 |       7 |       0 |   0.0
            +---------+---------+-------+---------+---------+-------
